 Dungeon Crawl Stone Soup version 0.19.5 (webtiles) character file.

13168 Chifra the Fighter (level 11, -28/97 HPs)
             Began as a Red Draconian Transmuter on Apr 13, 2017.
             Was an Elder of Vehumet.
             Killed from afar by an orc sorcerer (35 damage)
             ... with a bolt of negative energy
             ... on level 2 of the Orcish Mines.
             The game lasted 01:01:17 (21231 turns).

Chifra the Fighter (Red Draconian Transmuter)      Turns: 21231, Time: 01:01:18

Health: -28/97     AC:  9    Str: 13    XL:     11   Next: 72%
Magic:  31/31      EV: 14    Int: 21    God:    Vehumet [****..]
Gold:   866        SH:  0    Dex: 12    Spells: 5 memorised, 8 levels left

rFire  + . .     SeeInvis .       - Unarmed
rCold  . . .     Gourm    .     (armour unavailable)
rNeg   . . .     Faith    .     (no shield)
rPois  .         Spirit   .     (helmet restricted)
rElec  .         Reflect  .     F - +0 cloak
rCorr  .         Harm     .     (no gloves)
MR     .....                    E - +0 pair of boots
Stlth  ++........               (no amulet)
                                v - ring of magical power
                                D - +5 ring of intelligence

@: heavily drained
A: breathe fire, unfitting armour, fire resistance 1, cold-blooded, AC +7
a: Breathe Fire, Renounce Religion


You were on level 2 of the Orcish Mines.
You worshipped Vehumet.
Vehumet was greatly pleased with you.
You were not hungry.

You visited 4 branches of the dungeon, and saw 15 of its levels.
You also visited: Ossuary.

You collected 866 gold pieces.

Inventory:

Missiles
 a - 86 arrows
Armour
 A - a +0 buckler
 E - a +0 pair of boots (worn)
 F - a +0 cloak (worn)
 N - a +0 buckler
Magical Staves
 I - an uncursed staff of energy
Rods
 r - a +1 rod of shadows (12/12)
   (You took it off an orc wizard on level 8 of the Dungeon)
Jewellery
 f - an uncursed ring of poison resistance
 v - a ring of magical power (right hand)
 y - a +3 ring of evasion {unknown}
 D - a +5 ring of intelligence (left hand)
 L - a +6 ring of protection {unknown}
Wands
 h - a wand of confusion (29/48)
 k - a wand of teleportation (5/9)
 q - a wand of iceblast (7/15)
 s - a wand of lightning (5/15)
Scrolls
 d - 9 scrolls of remove curse
 u - a scroll of fear
 C - a scroll of amnesia
 G - a scroll of holy word {unknown}
 J - a scroll of brand weapon {unknown}
 O - a scroll of enchant weapon
 P - a scroll of blinking
Potions
 e - 3 potions of ambrosia
 g - 3 potions of curing
 i - a potion of might
 j - 2 potions of brilliance
 l - 3 potions of agility
 n - a potion of cure mutation {unknown}
 o - a potion of haste {unknown}
 p - 3 potions of degeneration {unknown}
 x - 3 potions of flight {unknown}
 z - 3 potions of mutation {unknown}
 H - a potion of magic {unknown}
 M - a potion of lignification {unknown}
Books
 b - a book of Changes

   Spells                             Type                      Level
   a - Beastly Appendage              Transmutation                1
   b - Sticks to Snakes               Transmutation                2
   c - Spider Form                    Transmutation/Poison         3
   d - Ice Form                       Ice/Transmutation            4
   e - Blade Hands                    Transmutation                5
Comestibles
 c - 3 bread rations
 m - 3 royal jellies


   Skills:
 + Level 9.1(6.7) Fighting
 + Level 7.5(5.2) Dodging
 + Level 3.8(1.7) Stealth
 + Level 8.6(6.2) Unarmed Combat
 + Level 7.6(5.3) Spellcasting
 + Level 2.5(0.5) Conjurations
 + Level 8.7(6.3) Transmutations
 + Level 1.3(0.0) Fire Magic
 + Level 2.1(0.1) Earth Magic


You had 8 spell levels left.
You knew the following spells:

 Your Spells              Type           Power        Failure   Level  Hunger
a - Beastly Appendage     Tmut           ####..       1%          1    None
b - Spider Form           Tmut/Pois      ###.......   10%         3    ##.....
c - Blade Hands           Tmut           ####......   24%         5    #####..
d - Stone Arrow           Conj/Erth      #.....       9%          3    ##.....
e - Bolt of Magma         Conj/Fire/Erth #.........   82%         5    #####..


Dungeon Overview and Level Annotations

Branches:
Dungeon (11/15)            Temple (1/1) D:5            Lair (1/6) D:11
    Orc (1/2) D:11            Elf (0/3) Orc:2

Altars:
Ashenzari
Cheibriados
Dithmenos
Elyvilon
Fedhas
Gozag
Hepliaklqana
Kikubaaqudgha
Makhleb
Nemelex Xobeh
Okawaru
Qazlal
Ru
Sif Muna
Trog
Uskayaw
Vehumet
Xom
Yredelemnul
Zin
The Shining One

Shops:
D:10 (   Orc:2 !%=:

Annotations:
D:7 Lichfox's ghost, novice HuNe
D:11 exclusion: obsidian statue
Lair:1 Arvee's ghost, novice TrFi
Orc:2 Arvee's ghost, journeyman TrFi


Innate Abilities, Weirdness & Mutations

You can breathe blasts of fire.
Your fiery red scales are hard. (AC +7)
You cannot fit into any form of body armour.
Your flesh is heat resistant. (rF+)
You are cold-blooded and may be slowed by cold attacks.


Message History

* * * LOW HITPOINT WARNING * * *
An ogre mage comes into view. It is wielding a club.
The ogre mage shouts!
The ogre mage moves out of view.
An ogre comes into view. It is wielding a giant club.
The ogre mage shouts!
The ogre shouts!
The ogre moves out of view.
The ogre mage gestures at the ogre while chanting.
The ogre shouts!
The ogre seems to speed up.
The ogre mage casts a spell at you. You resist with significant effort.
The ogre mage gestures wildly while chanting.
The ogre mage flickers and vanishes!
Arvee's ghost lets out a mournful wail.
The orc sorcerer mumbles some strange words.
You feel troubled. The orc sorcerer casts a spell at you.
The bolt of negative energy hits you!
You feel drained.
You die...

#.OO......{O.,,,,,,,,,,,
##.##.O...O....,,,,,,,,,
##.###T.#.......,,,,,,,,,
#..W..O.o.......,,,,,,,,,
##..o.....O.....,,,,,,,**
###.o...#O...T.,,,*,,,*
##..T.O.....,,,**,,**
##......###*,,**,,,*
#....@###**,,,,**,**
##.#...#**,,,,***** **
###....#,,,,,,,* **,
*....##,,,,,,** *,,
##.##.,,,,,,,,* **,,
###*..,,,,,,,***,,,
*,,...,,,,,,,***,,
*,,...,**,,,,,,,,,
**,,,,,,****,,,,,,,


You could see an ogre mage, a deep troll, 2 trolls, 2 two-headed ogres, an orc
sorcerer, an orc warrior, 3 ogres, Arvee's ghost and an orc.

Vanquished Creatures
  Fannar (D:11)
  An unseen horror (D:10)
  A wizard (D:11)
  An orc sorcerer (Orc:2)
  A cyclops (D:10)
  Psyche (D:8)
  A queen bee (D:8)
  3 trolls (D:10)
  A two-headed ogre (D:10)
  A meliai zombie (D:10)
  A hornet (D:9)
  A blink frog (Lair:1)
  4 hippogriffs
  2 yaks (D:11)
  A hungry ghost (D:9)
  10 orc warriors
  A sky beast (D:9)
  An ice beast (D:5)
  9 ogres
  A hornet zombie (D:10)
  A necrophage (D:7)
  3 phantoms
  4 centaurs
  4 crocodiles
  3 elf zombies (Ossuary)
  A big kobold (D:10)
  6 bullfrogs
  A water moccasin zombie (D:10)
  2 scorpions
  19 killer bees
  10 wights
  4 howler monkeys
  8 crimson imps
  3 centaur zombies
  2 human zombies (Ossuary)
  2 jellies
  A bullfrog zombie (D:5)
  A quasit (D:11)
  5 orc priests
  8 hounds
  12 orc wizards
  4 centaur skeletons
  2 bullfrog skeletons
  An iguana (D:11)
  Ijyb (D:2)
  4 worker ants
  A hound zombie (D:6)
  A hound skeleton (D:9)
  2 mummies (Ossuary)
  A howler monkey zombie (D:10)
  13 adders
  3 river rats (D:11)
  3 oozes
  5 adder zombies
  4 worms
  A dart slug (D:1)
  4 leopard geckos
  54 orcs
  A ball python (D:1)
  11 bats
  5 giant cockroaches
  13 goblins
  20 hobgoblins
  5 jackals
  5 quokkas
  4 frilled lizards
  A giant cockroach zombie (D:5)
  2 goblin zombies (Ossuary)
  7 hobgoblin zombies (Ossuary)
  A jackal zombie (D:8)
  9 kobolds
  10 kobold zombies (Ossuary)
  8 orc zombies (Ossuary)
  A quokka zombie (D:8)
  28 rats
  A rat zombie (Ossuary)
379 creatures vanquished.

Vanquished Creatures (others)
  An orc (D:7)
  7 fungi (D:11)
  A plant (D:11)
9 creatures vanquished.

Grand Total: 388 creatures vanquished

Notes
Turn   | Place    | Note
-------+----------+-------------------------------------------
     0 | D:1      | Chifra the Draconian Transmuter began the quest for the Orb.
     0 | D:1      | Reached XP level 1. HP: 16/16 MP: 3/3
    43 | D:1      | Reached XP level 2. HP: 13/23 MP: 3/5
   848 | D:1      | Reached XP level 3. HP: 28/28 MP: 6/6
  1293 | D:2      | Learned a level 3 spell: Spider Form
  1492 | D:2      | Noticed Ijyb
  1505 | D:2      | Killed Ijyb
  1505 | D:2      | Reached XP level 4. HP: 31/35 MP: 0/7
  3358 | D:3      | Reached XP level 5. HP: 29/40 MP: 4/8
  3747 | D:4      | Reached skill level 2 in Fighting
  4002 | D:4      | HP: 2/41 [centaur skeleton (7)]
  4670 | D:3      | Reached XP level 6. HP: 16/48 MP: 4/10
  5267 | D:4      | Learned a level 5 spell: Blade Hands
  5760 | D:4      | Reached skill level 3 in Fighting
  5877 | D:5      | Entered Level 5 of the Dungeon
  5896 | D:5      | Your scales start taking on a fiery red colour.
  5896 | D:5      | Reached XP level 7. HP: 29/57 MP: 10/12
  5896 | D:5      | Gained mutation: Your flesh is heat resistant. (rF+) [Red Draconian growth]
  6101 | D:5      | Reached skill level 5 in Transmutations
  6149 | D:5      | Found a staircase to the Ecumenical Temple.
  6299 | D:5      | Noticed a hippogriff
  6314 | D:5      | Killed a hippogriff
  6378 | D:5      | Reached skill level 4 in Fighting
  6450 | D:5      | Reached XP level 8. HP: 31/66 MP: 10/14
  6457 | D:5      | Found a sand-covered staircase.
  6462 | Ossuary  | Entered an ossuary
  6886 | Ossuary  | Reached skill level 5 in Unarmed Combat
  7788 | D:5      | Reached skill level 5 in Fighting
  8223 | Temple   | Entered the Ecumenical Temple
  8239 | Temple   | Became a worshipper of Vehumet
  8929 | D:6      | Reached skill level 5 in Spellcasting
  8929 | D:6      | Reached XP level 9. HP: 71/74 MP: 13/16
  8975 | D:6      | Found a snail-covered altar of Cheibriados.
  9296 | D:7      | Reached skill level 5 in Dodging
  9304 | D:7      | Noticed Lichfox's ghost (novice HuNe)
  9939 | D:7      | Reached * piety under Vehumet
  9939 | D:7      | Offered knowledge of Freeze by Vehumet.
  9939 | D:7      | Reached skill level 6 in Fighting
 10977 | D:7      | You fall through a shaft!
 10977 | D:8      | Noticed a queen bee
 11551 | D:8      | Noticed Psyche
 11561 | D:8      | Killed Psyche
 11860 | D:8      | Reached skill level 7 in Fighting
 11863 | D:8      | Reached XP level 10. HP: 73/86 MP: 17/19
 12128 | D:8      | Offered knowledge of Throw Frost by Vehumet.
 12153 | D:8      | Reached ** piety under Vehumet
 13677 | D:8      | Identified a scroll of acquirement
 14342 | D:9      | Paralysed by a hornet for 2 turns
 15148 | D:9      | Reached skill level 8 in Fighting
 15489 | D:10     | Entered Level 10 of the Dungeon
 15599 | D:9      | Reached skill level 1 in Stealth
 16106 | D:10     | Offered knowledge of Static Discharge by Vehumet.
 16607 | D:10     | Reached *** piety under Vehumet
 16725 | D:10     | Found Qegabune's Weapon Shoppe.
 17195 | D:10     | Reached XP level 11. HP: 37/95 MP: 21/21
 17223 | D:10     | Offered knowledge of Stone Arrow by Vehumet.
 17575 | D:10     | Learned a level 3 spell: Stone Arrow
 18325 | D:10     | Reached skill level 1 in Earth Magic
 18858 | D:11     | Noticed Fannar
 18898 | D:11     | Killed Fannar
 18898 | D:11     | Reached skill level 1 in Conjurations
 19228 | D:10     | Killed an unseen horror
 19744 | D:11     | Noticed a wizard
 19797 | D:11     | Killed a wizard
 19980 | D:11     | Noticed an obsidian statue
 20136 | D:11     | Reached **** piety under Vehumet
 20209 | D:11     | Found a staircase to the Orcish Mines.
 20256 | D:11     | Reached skill level 9 in Fighting
 20283 | D:11     | Offered knowledge of Bolt of Magma by Vehumet.
 20295 | D:11     | Learned a level 5 spell: Bolt of Magma
 20423 | D:11     | Found a staircase to the Lair.
 20556 | Lair:1   | Entered Level 1 of the Lair of Beasts
 20753 | Lair:1   | Noticed Arvee's ghost (novice TrFi)
 20850 | Orc:1    | Entered Level 1 of the Orcish Mines
 20906 | Orc:1    | Reached skill level 1 in Fire Magic
 21136 | Orc:1    | You fall through a shaft!
 21136 | Orc:2    | Entered Level 2 of the Orcish Mines
 21136 | Orc:2    | Found Soobagiene's Book Emporium.
 21136 | Orc:2    | Found Yshreoxu's Jewellery Shop.
 21136 | Orc:2    | Noticed a deep troll
 21136 | Orc:2    | Noticed an ogre mage
 21136 | Orc:2    | Noticed an ogre mage
 21136 | Orc:2    | Noticed a hill giant
 21136 | Orc:2    | Noticed a deep troll
 21138 | Orc:2    | Noticed an ettin
 21146 | Orc:2    | Found Quotauma's Food Boutique.
 21165 | Orc:2    | Noticed an orc sorcerer
 21176 | Orc:2    | Noticed an ogre mage
 21177 | Orc:2    | Paralysed by an orc sorcerer for 4 turns
 21185 | Orc:2    | Killed an orc sorcerer
 21191 | Orc:2    | Found Plog's Distillery.
 21207 | Orc:2    | Noticed Arvee's ghost (journeyman TrFi)
 21216 | Orc:2    | Noticed an orc sorcerer
 21228 | Orc:2    | Noticed an ogre mage
 21231 | Orc:2    | Killed from afar by an orc sorcerer

Skill      XL: |  1  2  3  4  5  6  7  8  9 10 11 |
---------------+----------------------------------+-----
Transmutations | 3 4 5 6 7 8 |  8.7
Dodging        | 2 3 4 6 7 |  7.5
Fighting       | 2 3 4 5 7 8 9 |  9.1
Spellcasting   | 3 4 5 6 7 |  7.6
Unarmed Combat | 4 5 6 8 |  8.6
Stealth        | 2 3 |  3.8
Earth Magic    | 2 |  2.1
Conjurations   | 2 |  2.5
Fire Magic     | 1 |  1.3

Action                   |  1- 3 |  4- 6 |  7- 9 | 10-12 || total
-------------------------+-------+-------+-------+-------++-------
Melee: Unarmed           |   158 |   284 |   589 |   638 ||  1669
       Tailslap          |    10 |    14 |    13 |    24 ||    61
       Kick              |     4 |       |       |       ||     4
       Headbutt          |       |     5 |       |       ||     5
       Punch             |       |     1 |     3 |     8 ||    12
       Staff             |       |       |       |     1 ||     1
 Cast: Beastly Appendage |     5 |     4 |       |       ||     9
       Spider Form       |     1 |    22 |    52 |    49 ||   124
       Blade Hands       |       |       |     3 |    12 ||    15
       Stone Arrow       |       |       |       |     4 ||     4
 Abil: Breathe Fire      |       |       |     1 |       ||     1
  Use: Scroll            |       |    12 |     8 |    12 ||    32
       Potion            |       |     2 |     6 |     3 ||    11
 Stab: Distracted        |     1 |       |       |       ||     1
       Sleeping          |     1 |       |       |     2 ||     3
  Eat: Bread ration      |     1 |       |     3 |     1 ||     5
       Chunk             |       |     5 |     6 |    14 ||    25
       Meat ration       |       |     2 |     1 |     1 ||     4
       Fruit             |       |       |     2 |     5 ||     7
       Beef jerky        |       |       |     1 |     1 ||     2
       Royal jelly       |       |       |       |     4 ||     4
Armor: Skin              |    51 |    55 |    81 |   122 ||   309
Dodge: Dodged            |   118 |   280 |   528 |   667 ||  1593
